 Dungeon Crawl Stone Soup version 0.23-b1-6-ga921848 (webtiles) character file.

Game seed: 17286705978640586220

112 dengdeng the Slasher (level 4, -16/40 HPs)
             Began as a Hill Orc Abyssal Knight on Feb 2, 2019.
             Was a Believer of Lugonu.
             Demolished by a crocodile (17 damage)
             ... in a sewer.
             The game lasted 00:06:04 (2489 turns).

dengdeng the Slasher (Hill Orc Abyssal Knight)      Turns: 2489, Time: 00:06:05

Health: -16/40     AC:  5    Str: 15    XL:     4   Next: 93%
Magic:  5/5        EV: 10    Int: 12    God:    Lugonu [**....]
Gold:   111        SH:  0    Dex: 10    Spells: 3/3 levels left

rFire    . . .     SeeInvis .   a - +1 falchion
rCold    . . .     Gourm    .   (no shield)
rNeg     . . .     Faith    .   d - +0 ring mail
rPois    .         Spirit   .   (no helmet)
rElec    .         Reflect  .   h - scarf {cloud immunity}
rCorr    .         Harm     .   (no gloves)
MR       .....                  (no boots)
Stlth    ..........             (no amulet)
HPRegen  0.13/turn              (no ring)
MPRegen  0.09/turn              (no ring)

@: no status effects
A: no striking features
a: Depart the Abyss, Bend Space, Renounce Religion


You were in a sewer.
You worshipped Lugonu.
Lugonu was pleased with you.
You were not hungry.

You visited 1 branch of the dungeon, and saw 3 of its levels.
You visited the Abyss 1 time.
You also visited: Sewer.

You collected 111 gold pieces.

Inventory:

Hand Weapons
 a - a +1 falchion (weapon)
Missiles
 j - 7 javelins (quivered)
 k - 5 stones
Armour
 d - a +0 ring mail (worn)
 h - a scarf of cloud immunity (worn)
Jewellery
 g - an uncursed ring of protection from magic {unknown}
Scrolls
 b - a scroll of random uselessness {unknown}
 e - a scroll of remove curse {unknown}
 n - a scroll of enchant weapon {unknown}
 o - a scroll of magic mapping {unknown}
Potions
 f - a potion of curing {unknown}
 l - a potion of berserk rage {unknown}
 m - a potion of heal wounds {unknown}
 p - a potion of flight {unknown}
Comestibles
 c - 9 rations
 i - a chunk of flesh


   Skills:
 + Level 4.1 Fighting
 * Level 4.2 Long Blades
 + Level 3.1 Armour
 + Level 1.3 Dodging
 + Level 2.4 Invocations


You had 3 spell levels left.
You didn't know any spells.
Your spell library was empty.

Dungeon Overview and Level Annotations

Branches:
Dungeon (3/15)

Altars:
Cheibriados
Elyvilon


Message History

The crocodile is heavily wounded.
The crocodile barely misses you.
You barely miss the crocodile.
The crocodile is heavily wounded.
The crocodile closely misses you.
You riposte.
You barely miss the crocodile.
The crocodile is heavily wounded.
You hit the crocodile but do no damage.
The crocodile is heavily wounded.
The crocodile bites you.
You closely miss the crocodile.
The crocodile is heavily wounded.
The crocodile bites you.
Your ring mail prevents you from hitting the crocodile.
The crocodile is heavily wounded.
The crocodile bites you!
* * * LOW HITPOINT WARNING * * *
You hit the crocodile.
The crocodile is severely wounded.
The crocodile bites you!
You die...

### .... .....
############.....$
..........@t.....(
#######.####.....$
#.# ..... #.# ....
#.# ### #.# #.#
##.## ##...##


You could see a crocodile.

Vanquished Creatures
  6 adders
  A river rat (D:3)
  An ooze (D:1)
  A dart slug (D:2)
  2 leopard geckos
  An orc (D:3)
  A ball python (D:1)
  A giant cockroach (D:1)
  A goblin (D:2)
  5 hobgoblins
  6 kobolds
  2 quokkas (D:2)
  7 bats
  2 frilled lizards (D:2)
  4 rats
41 creatures vanquished.

Notes
Turn   | Place    | Note
-------+----------+-------------------------------------------
     0 | Abyss:1  | dengdeng the Hill Orc Abyssal Knight began the quest for
                  | the Orb.
     0 | Abyss:1  | Reached XP level 1. HP: 19/19 MP: 2/2
     6 | D:1      | Escaped the Abyss
   332 | D:1      | Reached XP level 2. HP: 21/27 MP: 3/3
   678 | D:1      | Reached skill level 1 in Dodging
  1149 | D:2      | Reached XP level 3. HP: 33/33 MP: 4/4
  1441 | D:2      | Reached XP level 4. HP: 25/40 MP: 5/5
  1839 | D:2      | Reached ** piety under Lugonu
  1923 | D:2      | Found a snail-covered altar of Cheibriados.
  2144 | D:2      | Found a white marble altar of Elyvilon.
  2374 | D:3      | Found a glowing drain.
  2378 | Sewer    | Entered a sewer
  2477 | Sewer    | Noticed a crocodile
  2488 | Sewer    | HP: 1/40 [crocodile (12)]
  2489 | Sewer    | Demolished by a crocodile

Skill      XL: |  1  2  3  4 |
---------------+-------------+-----
Fighting       | 4 |  4.1
Dodging        | 1 |  1.3
Long Blades    | 3 4 |  4.2
Armour         | 3 |  3.1
Invocations    | |  2.4

Action                   |  1- 3 |  4- 6 || total
-------------------------+-------+-------++-------
Melee: Falchion          |    97 |    54 ||   151
Throw: Javelin           |     2 |       ||     2
  Eat: Chunk             |     2 |     3 ||     5
Armor: Ring mail         |    35 |    33 ||    68
Dodge: Dodged            |    59 |    44 ||   103
       Rpst.: Falchion   |    19 |    16 ||    35
